 Dungeon Crawl Stone Soup version 0.31-a0-1074-g0b22e4e0f1 (webtiles) character file.

Game seed: 4243612577283079430

126 Smoke131 the Trooper (level 5, -1/54 HPs)
             Began as an Ogre Gladiator on Dec 1, 2023.
             Slain by an iron imp (7 damage)
             ... summoned by Eustachio
             ... on level 4 of the Dungeon.
             The game lasted 00:08:54 (2913 turns).

Smoke131 the Trooper (Ogre Gladiator)               Turns: 2913, Time: 00:08:54

Health: -1/54      AC:  5    Str: 20    XL:     5   Next: 10%
Magic:  5/5        EV: 12    Int:  9    God:
Gold:   225        SH: 11    Dex: 10    Spells: 4/4 levels left

rFire   . . .        a - +0 trident
rCold   . . .        i - +0 tower shield
rNeg    . . .        b - +0 robe
rPois   .            c - +0 hat
rElec   .            j - +1 cloak
rCorr   .            (gloves unavailable)
SInv    .            (boots unavailable)
Will    .....        (no amulet)
Stlth   +            m - +5 ring of evasion
HPRegen 0.29/turn    (no ring)
MPRegen 0.09/turn

%: no passive effects
@: no status effects
A: large, unfitting armour, tough skin 1
a: no special abilities


You were on level 4 of the Dungeon.
You visited 1 branch of the dungeon, and saw 4 of its levels.

You collected 225 gold pieces.

Inventory:

Hand Weapons
 a - a +0 trident (weapon)
Missiles
 d - 3 throwing nets
Armour
 b - a +0 robe (worn)
 c - a +0 hat (worn)
 i - a +0 tower shield (worn)
 j - a +1 cloak (worn)
Jewellery
 m - a +5 ring of evasion (left hand)
Wands
 q - a wand of charming (10)
Scrolls
 g - a scroll of teleportation
 k - 2 scrolls of poison
Potions
 f - 2 potions of heal wounds
 o - a potion of magic
 p - a potion of curing


   Skills:
 + Level 4.1 Fighting
 + Level 3.7 Polearms
 + Level 3.0 Throwing
 - Level 3.0 Dodging
 + Level 1.7 Shields


You had 4 spell levels left.
You didn't know any spells.
Your spell library contained the following spells:

 Spells                   Type           Power      Damage    Failure   Level
 Necrotise                Necr           0%         1d4       98%         1
 Sandblast                Erth           0%         2d4       98%         1
 Slow                     Hex            0%         N/A       98%         1
 Passwall                 Tmut/Erth      0%         N/A       99%         2
 Confusing Touch          Hex            0%         N/A       100%        3
 Sigil of Binding         Hex            0%         N/A       100%        3
 Stone Arrow              Conj/Erth      0%         3d7       100%        3
 Vampiric Draining        Necr           0%         2d6       100%        3
 Brom's Barrelling Bould  Conj/Erth      0%         2d3       100%        4
 Agony                    Necr           0%         N/A       100%        5
 Iskenderun's Battlesphe  Conj           0%         2d6       100%        5
 Bombard                  Conj/Erth      0%         9d1       100%        6
 Spellforged Servitor     Conj/Summ      0%         N/A       100%        7


Dungeon Overview and Level Annotations

Branches:
Dungeon (4/15)
 Temple: D:4-7

Altars:
Vehumet

Annotations:
D:4 Eustachio


Innate Abilities, Weirdness & Mutations

You are too large for most types of armour.
You have tough skin. (AC +1)


Message History

You block the bat's attack. The rat completely misses you.
The bat hits you but does no damage. You block the quasit's attack.
The quasit closely misses you. The quasit completely misses you.
The bat hits you but does no damage.
The iron imp hits you but does no damage.
The shadow imp hits you but does no damage.
The rat bites you but does no damage.
You hit the shadow imp.
You kill the shadow imp!
The shadow imp disappears in a puff of smoke!
You block the bat's attack. The bat misses you. The bat barely misses you.
The bat hits you but does no damage. The bat barely misses you.
The bat hits you but does no damage. You block the quasit's attack. x2
The quasit barely misses you. You block the bat's attack.
The quasit closely misses you.
The quasit claws you but does no damage. x2
The iron imp hits you.
* * * LOW HITPOINT WARNING * * *
The rat closely misses you.
Eustachio mumbles some strange words.
The bat hits you but does no damage.
The quasit disappears in a puff of smoke!
The bat misses you. You block the bat's attack. x2
You block the iron imp's attack. The bat hits you but does no damage.
The bat barely misses you. You block the iron imp's attack.
You block the bat's attack.
You barely miss Eustachio.
Eustachio is almost dead.
You block the bat's attack. You block the rat's attack.
Eustachio gestures wildly while chanting.
Eustachio blinks!
The iron imp hits you!
* * * LOW HITPOINT WARNING * * *
You block the bat's attack. The bat hits you but does no damage. x2
The iron imp lashes its tail.
You block the bat's attack.
Found 10 gold pieces.
The bat attacks as it pursues you!
You block the bat's attack. x2; The bat barely misses you.
The iron imp hits you!
You die...

#.#<# #...........# #.........
#.#.# #...$.......# #.........
#.#.# #......$....# #.........
#.#.. #.......(...###.........
#.#####.......(...............
#.....#.###.........##........
#####.# #5r5......##........
#.# #bb5......##........ #.#
#.b@.@....##.#'##### #.#
#.........##.#.# #.#
#.........##.#.# #.#
#............#+# #.#
#............. #.#
#............ #.# #.........$
#.# #.........# #.#


You could see Eustachio, 2 iron imps, a crimson imp (summoned), 3 bats and a rat
(summoned).

Vanquished Creatures
  Crazy Yiuf (D:3)
  A gnoll (D:1)
  3 adders
  8 endoplasms
  2 giant cockroaches
  8 goblins
  5 hobgoblins
  4 kobolds
  4 quokkas
  6 ball pythons
  10 bats
  A frilled lizard (D:2)
  3 rats
56 creatures vanquished.

Notes
Turn   | Place    | Note
-------+----------+-------------------------------------------
     0 | D:1      | Smoke131 the Ogre Gladiator began the quest for the Orb.
     0 | D:1      | Reached XP level 1. HP: 22/22 MP: 1/1
   244 | D:1      | Reached skill level 3 in Fighting
   244 | D:1      | Reached XP level 2. HP: 31/31 MP: 2/2
   404 | D:1      | Reached XP level 3. HP: 24/37 MP: 3/3
  1034 | D:2      | Reached skill level 1 in Shields
  1119 | D:2      | Reached XP level 4. HP: 46/46 MP: 4/4
  1307 | D:3      | Found the +10 dark maul {heavy}
  1318 | D:3      | Found a radiant altar of Vehumet.
  2408 | D:3      | Found a runed translucent door.
  2409 | D:3      | Noticed Crazy Yiuf
  2427 | D:3      | Killed Crazy Yiuf
  2428 | D:3      | Reached skill level 4 in Fighting
  2678 | D:4      | Reached XP level 5. HP: 53/54 MP: 5/5
  2822 | D:4      | Identified the +1 robe of Araydo Ridu {Will- MP+9 SInv
                  | Archmagi}
  2866 | D:4      | Noticed Eustachio
  2913 | D:4      | Slain by an iron imp

Illustrated notes

Levels and vault maps discovered:
D:1:      nicolae_arrival_washed_ashore, layout_loops_ring, st_stairs_4
D:2:      layout_rooms, chequers_serial_rivers_micro_e, minmay_octomino_e4
D:3:      layout_basic, nicolae_overflow_crystal_walls,
          hangedman_abyss_or_decor_stabs, uniq_crazy_yiuf_cottage
D:4:      minmay_goblin_kobold_castle, layout_basic, uniq_eustachio

Skill      XL: |  1  2  3  4 |
---------------+-------------+-----
Fighting       | 3 4 |  4.1
Dodging        | 3 |  3.0
Shields        | 1 |  1.7
Throwing       | 3 |  3.0
Polearms       | |  3.7

Action                     |  1- 3 |  4- 6 || total
---------------------------+-------+-------++-------
  Melee: Trident           |   115 |    80 ||   195
  Throw: Dart              |       |     5 ||     5
         Large rock        |       |     1 ||     1
    Use: Scroll            |       |     8 ||     8
   Stab: Sleeping          |     1 |     1 ||     2
 Armour: Robe              |    72 |    72 ||   144
  Dodge: Dodged            |    62 |    65 ||   127
  Block: Tower shield      |    72 |    92 ||   164

Table legend: (Time is in decaauts)
 A = Elapsed time spent in this place.
 B = Non-inter-level travel time spent in this place.
 C = Inter-level travel time spent in this place.
 D = Time resting spent in this place.
 E = Time spent auto-exploring this place.
 F = Levels seen in this place.
 G = Mean time per level.
                   A        B        C        D        E       F      G
               +--------+--------+--------+--------+--------+-----+--------+
         Total |   2990 |   2813 |    177 |    232 |   1920 |   4 |  747.5 |
       Dungeon |   2990 |   2813 |    177 |    232 |   1920 |   4 |  747.5 |
               +--------+--------+--------+--------+--------+-----+--------+

Top non-repeatable levels by time:
     D:3: 1328 daAuts
     D:1: 903 daAuts
     D:2: 445 daAuts
     D:4: 313 daAuts
